 Dungeon Crawl Stone Soup version 0.32-a0-841-g4648e6c457 (webtiles) character file.

Game seed: 14883355006663797935

35 BubbleThief the Trooper (level 3, -3/40 HPs)
             Began as an Oni Gladiator on Mar 27, 2024.
             Slain by Terence
             ... wielding a +0 falchion
              (7 damage)
             ... on level 2 of the Dungeon.
             The game lasted 00:01:44 (1131 turns).

BubbleThief the Trooper (Oni Gladiator)             Turns: 1131, Time: 00:01:44

Health: -3/40      AC:  3    Str: 18    XL:     3   Next: 35%
Magic:  3/3        EV:  9    Int: 11    God:
Gold:   74         SH:  0    Dex: 10    Spells: 2/2 levels left

rFire   . . .        a - +0 trident
rCold   . . .        (no shield)
rNeg    . . .        b - +0 robe
rPois   .            c - +0 hat
rElec   .            (no cloak)
rCorr   .            (gloves unavailable)
SInv    .            (boots unavailable)
Will    .....        (no amulet)
Stlth   +            (no ring)
HPRegen 0.26/turn    (no ring)
MPRegen 0.08/turn

%: no passive effects
@: no status effects
A: large, unfitting armour, horns 1, tough skin 1, double potion healing,
drunken brawling
a: no special abilities


You were on level 2 of the Dungeon.
You visited 1 branch of the dungeon, and saw 2 of its levels.

You collected 74 gold pieces.

Inventory:

Hand Weapons
 a - a +0 trident (weapon)
Missiles
 d - 2 throwing nets (quivered)
 e - a large rock
Armour
 b - a +0 robe (worn)
 c - a +0 hat (worn)
Scrolls
 g - a scroll of enchant armour {unknown}
 i - a scroll of torment {unknown}
Potions
 f - a potion of cancellation {unknown}
 h - a potion of haste {unknown}


   Skills:
 * Level 4.3 Fighting
 + Level 3.4 Polearms
 - Level 2.0 Throwing
 - Level 2.6 Dodging


You had 2 spell levels left.
You didn't know any spells.
Your spell library was empty.

Dungeon Overview and Level Annotations

Branches:
Dungeon (2/15)

Altars:

Shops:
D:1 !

Annotations:
D:2 Terence


Innate Abilities, Weirdness & Mutations

You are too large for most types of armour.
You have a pair of small horns on your head.
You have tough skin. (AC +1)
You gain doubled healing and magic from potions.
Whenever you drink a healing potion, you attack all around you.


Message History

You hit Terence but do no damage. You headbutt Terence, but do no damage.
Terence is moderately wounded.
Terence struggles against the net. x2
You strike the helpless Terence from behind!
You hit Terence.
Terence is heavily wounded.
Terence struggles against the net.
You hit Terence but do no damage.
Terence is heavily wounded.
The rat bites you.
Terence struggles against the net.
You barely miss Terence. You headbutt Terence, but do no damage.
Terence is moderately wounded.
The rat bites you.
Terence zaps a wand.
The puff of flame hits you.
Terence struggles against the net.
The net rips apart, and Terence comes free!
You hit Terence.
Terence is moderately wounded.
The rat closely misses you.
You puncture Terence!
Terence is almost dead.
The rat bites you. Terence closely misses you.
You barely miss Terence.
Terence is almost dead.
The rat bites you. Terence barely misses you.
You barely miss Terence.
Terence is almost dead.
Terence zaps a wand.
The puff of flame hits you!
* * * LOW HITPOINT WARNING * * *
The rat bites you but does no damage. The rat barely misses you.
Terence hits you with a +0 falchion.
* * * LOW HITPOINT WARNING * * *
You closely miss Terence.
Terence is severely wounded.
The rat bites you but does no damage. Terence barely misses you.
Unknown command.
You completely miss Terence.
Terence is severely wounded.
The rat bites you but does no damage. Terence hits you with a +0 falchion!
You die...
Terence says, "Rest in peace."

#. #.. ##.###.#...#
..... #.#.. #.#.#
#.#.# # ###.#.#
#.#.#
#.#.....###.#.###
#.#.........#...
#...)...##..#@###.##
#.#.....##..@r......
#.....##........##
#..#####..#.##....
#..#####..#.# ###
#.........#.#
#.###.......# #.#
#######.# #.# #<#
#######.### #.#


You could see Terence and a rat.

Vanquished Creatures
  A dart slug (D:1)
  6 endoplasms (D:1)
  A giant cockroach (D:1)
  3 hobgoblins (D:1)
  A quokka (D:1)
  5 ball pythons (D:1)
  4 bats (D:1)
  A frilled lizard (D:1)
  5 goblins (D:1)
  3 kobolds (D:1)
  A rat (D:1)
31 creatures vanquished.

Notes
Turn   | Place    | Note
-------+----------+-------------------------------------------
     0 | D:1      | BubbleThief the Oni Gladiator began the quest for the Orb.
     0 | D:1      | Reached XP level 1. HP: 22/22 MP: 1/1
    75 | D:1      | Reached skill level 3 in Fighting
   234 | D:1      | Reached XP level 2. HP: 31/31 MP: 2/2
   409 | D:1      | Reached skill level 4 in Fighting
   417 | D:1      | Reached XP level 3. HP: 39/39 MP: 3/3
   640 | D:1      | Found Rueji's Distillery.
  1039 | D:2      | Noticed Terence
  1131 | D:2      | Slain by Terence

Illustrated notes

Levels and vault maps discovered:
D:1:      matt_arrival_los_fun, layout_basic, serial_shops, shop,
          serial_bayou_pond_a, amcnicky_mini_corridor_feature
D:2:      layout_loops_ring, minmay_misc_feat_roman, uniq_robin, uniq_terence,
          uniq_crazy_yiuf_cottage

Skill      XL: |  1  2 |
---------------+-------+-----
Fighting       | 3 4 |  4.3
Polearms       | |  3.4
Throwing       | |  2.0
Dodging        | |  2.6

Action                     || total
---------------------------++-------
  Melee: Trident           ||    70
         Headbutt          ||    11
  Throw: Throwing net      ||     1
   Stab: Held in net/web   ||     1
 Armour: Robe              ||    38
  Dodge: Dodged            ||    19

Table legend: (Time is in decaauts)
 A = Elapsed time spent in this place.
 B = Non-inter-level travel time spent in this place.
 C = Inter-level travel time spent in this place.
 D = Time resting spent in this place.
 E = Time spent auto-exploring this place.
 F = Levels seen in this place.
 G = Mean time per level.
                   A        B        C        D        E       F      G
               +--------+--------+--------+--------+--------+-----+--------+
         Total |   1140 |   1079 |     61 |      0 |    911 |   2 |  570.0 |
       Dungeon |   1140 |   1079 |     61 |      0 |    911 |   2 |  570.0 |
               +--------+--------+--------+--------+--------+-----+--------+

Top non-repeatable levels by time:
     D:1: 1080 daAuts
     D:2: 59 daAuts
